 Dungeon Crawl Stone Soup version 0.17-a0-1850-g688e747 (webtiles) character file.

14145 nubinia the Thaumaturge (level 11, -6/56 HPs)
             Began as a Deep Elf Air Elementalist on Sept 19, 2015.
             Was the Champion of Sif Muna.
             Mangled by a yak (7 damage)
             ... on level 3 of the Lair of Beasts.
             The game lasted 01:40:33 (16548 turns).

nubinia the Thaumaturge (DEAE)                     Turns: 16548, Time: 01:40:33

Health: -6/56      AC:  5    Str:  5    XL:     11   Next: 84%
Magic:  30/30      EV: 18    Int: 23    God:    Sif Muna [******]
Gold:   669        SH:  0    Dex: 16    Spells: 10 memorised, 11 levels left

rFire  . . .     SeeInvis .     a - +3 dagger (pain)
rCold  . . .     Clarity  .     x - +0 robe
rNeg   . . .     SustAt   .     (no shield)
rPois  .         Gourm    +     h - +0 helmet
rElec  .         Spirit   .     (no cloak)
rCorr  .         Warding  .     i - +1 pair of gloves
rMut   .         Stasis   .     (no boots)
MR     +....                    E - amulet of the gourmand
Stlth  ++++......               e - +3 ring of evasion
                                J - ring of stealth

@: repel missiles, somewhat resistant to hostile enchantments, stealthy
A: no striking features
a: Channel Energy, Forget Spell, Renounce Religion


You were on level 3 of the Lair of Beasts.
You worshipped Sif Muna.
Sif Muna was exalted by your worship.
You were very full.

You visited 3 branches of the dungeon, and saw 12 of its levels.
You also visited: Labyrinth.

You collected 669 gold pieces.

Inventory:

Hand weapons
 a - a +3 dagger of pain (weapon)
 d - a +0 dagger
 t - a +0 rapier
 G - a cursed -3 dagger
 P - a +5 blowgun
 W - a +2 hand axe of venom
Armour
 h - a +0 helmet (worn)
 i - a +1 pair of gloves (worn)
 x - a +0 robe (worn)
Magical staves
 b - an uncursed staff of wizardry
Jewellery
 e - a +3 ring of evasion (right hand)
 j - an uncursed ring of fire
 s - an uncursed ring of stealth
 y - an uncursed ring of positive energy
 E - an amulet of the gourmand (around neck)
 J - a ring of stealth (left hand)
 N - an uncursed ring of ice
 V - an uncursed ring of protection from magic
Magical devices
 C - a wand of fireball (14)
 H - a wand of digging (6)
 Q - a wand of digging (12)
 R - a wand of disintegration (13)
Scrolls
 f - 2 scrolls of teleportation
 n - a scroll of enchant armour
 o - a scroll of blinking
 w - 3 scrolls of remove curse
 D - a scroll of magic mapping
 K - a scroll of enchant weapon
Potions
 g - 3 potions of heal wounds
 l - 2 potions of might
 m - 4 potions of agility
 p - 2 potions of haste
 q - a potion of curing
 r - a potion of degeneration
 v - a potion of cancellation
 z - a potion of berserk rage
 A - a potion of lignification
 B - a potion of brilliance
 I - 2 potions of ambrosia
 T - a potion of magic
Books
 u - Sif Muna's Compendium of Hurtful Augmentations
   (Sif Muna gifted it to you on level 1 of the Lair of Beasts)

   Spells                             Type                      Level
   a - Infusion                       Charms                       1
   b - Repel Missiles                 Charms/Air                   2
   c - Searing Ray                    Conjuration                  2
   d - Regeneration                   Charms/Necromancy            3
   e - Sticky Flame                   Conjuration/Fire             4
   f - Haste                          Charms                       6
 F - a book of the Earth

   Spells                             Type                      Level
   a - Leda's Liquefaction            Hexes/Earth                  4
   b - Bolt of Magma                  Conjuration/Fire/Earth       5
   c - Statue Form                    Transmutation/Earth          6
   d - Iron Shot                      Conjuration/Earth            6
   e - Shatter                        Earth                        9
 M - a book of Air

   Spells                             Type                      Level
   a - Shock                          Conjuration/Air              1
   b - Swiftness                      Charms/Air                   2
   c - Repel Missiles                 Charms/Air                   2
   d - Static Discharge               Conjuration/Air              3
   e - Lightning Bolt                 Conjuration/Air              5
 S - a Young Poisoner's Handbook

   Spells                             Type                      Level
   a - Sting                          Conjuration/Poison           1
   b - Cure Poison                    Poison                       2
   c - Mephitic Cloud                 Conjuration/Poison/Air       3
   d - Olgreb's Toxic Radiance        Poison                       4
   e - Venom Bolt                     Conjuration/Poison           5
Comestibles
 c - 6 bread rations
 k - 6 meat rations
 L - 15 fruits


   Skills:
 + Level 1.2 Fighting
 + Level 1.1 Short Blades
 + Level 4.8 Dodging
 + Level 5.2 Stealth
 * Level 13.5 Spellcasting
 * Level 10.2 Conjurations
 + Level 9.0 Charms
 * Level 1.2 Necromancy
 * Level 1.3 Fire Magic
 + Level 10.1 Air Magic
 - Level 1.3 Poison Magic
 + Level 2.3 Invocations


You had 11 spell levels left.
You knew the following spells:

 Your Spells              Type           Power        Failure   Level  Hunger
a - Shock                 Conj/Air       ####         1%          1    None
b - Static Discharge      Conj/Air       ######..     1%          3    None
c - Mephitic Cloud        Conj/Pois/Air  #####...     1%          3    None
d - Sting                 Conj/Pois      ####         1%          1    None
e - Lightning Bolt        Conj/Air       ######....   1%          5    ###....
f - Sticky Flame          Conj/Fire      #####...     4%          4    None
p - Cure Poison           Pois           ###.......   3%          2    None
r - Repel Missiles        Chrm/Air       ######       1%          2    None
s - Swiftness             Chrm/Air       ######..     1%          2    None
R - Regeneration          Chrm/Necr      #####.....   1%          3    None


Dungeon Overview and Level Annotations

Branches:
Dungeon (8/15)             Temple (1/1) D:4            Lair (3/8) D:8
 Shoals (0/4) Lair:3
  Snake: Lair:3-6    Spider: Lair:3-6

Altars:
Ashenzari
Cheibriados
Dithmenos
Elyvilon
Fedhas
Gozag
Kikubaaqudgha
Makhleb
Nemelex Xobeh
Okawaru
Qazlal
Ru
Sif Muna
Zin

Annotations:
D:4 exclusion: door, Eustachio
D:7 exclusion: sky beast
D:8 Erolcha


Message History

You start resting.
Magic restored.
You start resting.
HP restored.
Put on which piece of jewellery? (? for menu, Esc to quit)
Okay, then.
Done exploring.
There is a stone staircase leading up, spattered with blood here.
There is a stone staircase leading down here.
You climb downwards.
The yak gores you! The yak gores you! The yak completely misses you.
The yak barely misses you. The yak gores you!
* * * LOW HITPOINT WARNING * * *
There is a stone staircase leading up, spattered with blood here.
Unknown command.
Read which item? (? for menu, Esc to quit)
Okay, then.
The yak gores you!
* * * LOW HITPOINT WARNING * * *
The yak gores you!
You die...

### ####P######
##.#.....#.##.
##..............
#...............
##...Y..........
#..Y<@.......#
#...Y........#
#.......#...#
###.##.....##
######..># ..
..## .. .... ..
....Y #. ....Y.#
#


You could see 3 yaks.

Vanquished Creatures
  A minotaur (Lab)
  Pikel (D:4)
  3 elephants
  3 black mambas
  5 spiny frogs
  2 komodo dragons
  Prince Ribbit (D:6)
  A blink frog (Lair:1)
  22 yaks
  2 hippogriffs (Lair:1)
  A basilisk (Lair:2)
  4 hungry ghosts (Lab)
  Menkaure (D:6)
  6 water moccasins
  5 porcupines
  2 ice beasts
  4 slaves (D:4)
  An orc warrior (D:8)
  3 ogres
  2 crocodiles
  2 centaurs
  A big kobold (D:8)
  10 giant frogs
  5 killer bees (D:4)
  2 scorpions
  3 electric eels (Lair:2)
  3 crimson imps
  A centaur zombie (D:5)
  4 hounds
  2 giant frog zombies
  2 jellies
  7 iguanas
  Natasha (thrice) (D:3 D:6)
  An orc wizard (D:8)
  7 worker ants
  15 sheep
  A killer bee zombie (D:6)
  Robin (D:4)
  A hound skeleton (D:8)
  4 gnolls (D:6)
  17 river rats
  13 adders
  3 shadow imps
  2 oozes
  3 adder skeletons
  A worm (D:2)
  21 orcs
  2 ball pythons
  7 bats
  4 giant cockroaches
  14 hobgoblins
  6 jackals
  12 quokkas
  5 giant geckos
  2 giant gecko skeletons
  11 giant newts
  24 goblins
  2 jackal skeletons
  13 kobolds
  9 rats
  A plant (D:3)
317 creatures vanquished.

Vanquished Creatures (collateral kills)
  A river rat (Lair:2)
1 creature vanquished.

Vanquished Creatures (others)
  2 fungi (Lair:2)
  3 plants (Lair:2)
5 creatures vanquished.

Grand Total: 323 creatures vanquished

Notes
Turn   | Place    | Note
--------------------------------------------------------------
     0 | D:1      | nubinia the Deep Elf Air Elementalist began the quest for the Orb.
     0 | D:1      | Reached XP level 1. HP: 10/10 MP: 6/6
   280 | D:1      | Reached XP level 2. HP: 15/15 MP: 6/8
   302 | D:1      | Learned a level 2 spell: Repel Missiles
   305 | D:1      | Learned a level 2 spell: Swiftness
  1220 | D:1      | Reached XP level 3. HP: 19/19 MP: 3/10
  1275 | D:1      | Learned a level 3 spell: Static Discharge
  1966 | D:2      | Reached skill level 4 in Spellcasting
  2308 | D:2      | Reached XP level 4. HP: 24/24 MP: 10/12
  2664 | D:3      | Noticed Natasha
  2698 | D:3      | Killed Natasha
  2765 | D:3      | Noticed Natasha
  2770 | D:3      | Killed Natasha
  3120 | D:3      | Found a white marble altar of Elyvilon.
  3128 | D:3      | Reached XP level 5. HP: 22/28 MP: 8/13
  3711 | D:3      | Found a stormy altar of Qazlal.
  4208 | D:3      | Reached skill level 5 in Spellcasting
  4413 | D:4      | Noticed Robin
  4486 | D:4      | Reached XP level 6. HP: 32/32 MP: 10/15
  4496 | D:4      | Learned a level 5 spell: Lightning Bolt
  4848 | D:4      | Found a staircase to the Ecumenical Temple.
  4878 | D:4      | Killed Robin
  5005 | Temple   | Entered the Ecumenical Temple
  5012 | Temple   | Became a worshipper of Sif Muna the Loreminder
  5092 | D:4      | Found an ancient bone altar of Kikubaaqudgha.
  5130 | D:4      | Noticed a slave
  5131 | D:4      | Noticed a slave
  5131 | D:4      | Noticed a slave
  5133 | D:4      | Noticed a slave
  5149 | D:4      | Killed a slave
  5156 | D:4      | Killed a slave
  5223 | D:4      | Killed a slave
  5228 | D:4      | Noticed Eustachio
  5251 | D:4      | Killed a slave
  5252 | D:4      | Noticed Pikel
  5313 | D:4      | Killed Pikel
  5313 | D:4      | Acquired Sif Muna's first power
  5313 | D:4      | Reached skill level 6 in Spellcasting
  5313 | D:4      | Reached skill level 5 in Air Magic
  5313 | D:4      | Reached XP level 7. HP: 10/36 MP: 3/18
  5923 | D:4      | Reached skill level 7 in Spellcasting
  6114 | D:4      | Reached skill level 1 in Invocations
  6114 | D:4      | Reached XP level 8. HP: 29/41 MP: 14/20
  6136 | D:5      | Entered Level 5 of the Dungeon
  6782 | D:5      | Acquired Sif Muna's second power
  6830 | D:5      | Found a shattered altar of Ashenzari.
  7334 | D:6      | Reached skill level 5 in Conjurations
  7402 | D:6      | Reached skill level 8 in Spellcasting
  7449 | D:6      | Noticed Menkaure
  7868 | D:6      | Noticed Natasha
  7870 | D:6      | Killed Natasha
  7935 | D:6      | Noticed Prince Ribbit
  7941 | D:6      | Killed Prince Ribbit
  7987 | D:6      | Reached skill level 9 in Spellcasting
  8672 | D:6      | Killed Menkaure
  8672 | D:6      | Reached XP level 9. HP: 26/46 MP: 17/24
  9546 | D:7      | Reached skill level 5 in Charms
  9900 | D:8      | Found a staircase to the Lair.
  9932 | D:8      | Noticed Erolcha
 10014 | D:8      | Reached skill level 10 in Spellcasting
 10262 | D:8      | Found an iron altar of Okawaru.
 10315 | D:8      | Acquired Sif Muna's third power
 10490 | D:8      | Found a blossoming altar of Fedhas.
 11000 | Lair:1   | Entered Level 1 of the Lair of Beasts
 11000 | Lair:1   | Noticed a spiny frog
 11134 | Lair:1   | Found a labyrinth entrance.
 11147 | Lab      | Entered a labyrinth
 11328 | Lab      | Reached XP level 10. HP: 48/51 MP: 18/26
 11377 | Lab      | Reached skill level 11 in Spellcasting
 11633 | Lab      | Noticed a minotaur
 11644 | Lab      | Killed a minotaur
 11678 | Lab      | Learned a level 1 spell: Sting
 11682 | Lab      | Learned a level 3 spell: Mephitic Cloud
 11685 | Lab      | Learned a level 2 spell: Cure Poison
 11733 | Lair:1   | HP: 1/51 [river rat (10)]
 12226 | Lair:1   | Noticed a spiny frog
 12239 | Lair:1   | Killed a spiny frog
 12239 | Lair:1   | Reached skill level 1 in Fighting
 12470 | Lair:1   | Noticed a spiny frog
 12476 | Lair:1   | Killed a spiny frog
 12476 | Lair:1   | Reached skill level 12 in Spellcasting
 12763 | Lair:1   | Received a gift from Sif Muna
 12764 | Lair:1   | Identified Sif Muna's Compendium of Hurtful Augmentations (Sif Muna gifted it to you on level 1 of the Lair of Beasts)
 12803 | Lair:1   | Killed a spiny frog
 12803 | Lair:1   | Reached skill level 1 in Poison Magic
 13450 | Lair:2   | Noticed a black mamba
 13451 | Lair:2   | Noticed a black mamba
 13684 | Lair:1   | Reached skill level 5 in Stealth
 13684 | Lair:1   | Reached XP level 11. HP: 56/56 MP: 17/29
 14987 | Lair:2   | Killed a black mamba
 14987 | Lair:2   | Reached skill level 1 in Short Blades
 15090 | Lair:2   | Killed a black mamba
 15140 | Lair:2   | Reached skill level 13 in Spellcasting
 15570 | Lair:3   | Noticed an eight-headed hydra
 15833 | Lair:3   | Reached skill level 10 in Conjurations
 15850 | Lair:3   | Received a gift from Sif Muna
 15889 | Lair:3   | Reached skill level 10 in Air Magic
 15895 | Lair:3   | Learned a level 4 spell: Sticky Flame
 15899 | Lair:3   | Learned a level 3 spell: Regeneration
 16047 | Lair:3   | Found a staircase to the Shoals.
 16067 | Lair:3   | Reached skill level 1 in Necromancy
 16397 | Lair:2   | Reached skill level 1 in Fire Magic
 16548 | Lair:3   | HP: 1/56 [yak (7)]
 16548 | Lair:3   | Mangled by a yak

Vault maps used:
D:1:      minmay_arrival_doors
D:2:      wad_crossroads, st_stairs_4
D:3:      grunt_qazlal_sundering, lemuel_crystal_altar, serial_forest,
          infiniplex_forest_lined_room_2, infiniplex_forest_zigzag_1,
          infiniplex_forest_straight_1, infiniplex_forest_clump_double,
          infiniplex_forest_split, infiniplex_forest_clump_small,
          infiniplex_forest_lined_room_, first_bread, uniq_natasha
D:4:      kiku_gazebo_pond_becter, temple_pool_a, uniq_robin, uniq_eustachio,
          uniq_pikel
D:5:      evilmike_ruin_ashenzari, serial_curves, eino_curves_01, eino_curves_02
D:6:      uniq_prince_ribbit1, uniq_menkaure
D:7:      centaur_isle
D:8:      nicolae_overflow_crystal_walls, lair_0_dummy, hangedman_tree_tricks,
          uniq_erolcha
Temple:   circular_temple_13
Lair:1:   lab_entry_generic
Lair:2:   serial_bayou_shore_a, lemuel_fruit_fields, infiniplex_staircase_pool
Lair:3:   shoals_dummy_entry
Lab:      labyrinth_mini_lab, nicolae_lab_swirl

Action                   |  1- 3 |  4- 6 |  7- 9 | 10-12 || total
-------------------------+-------+-------+-------+-------++-------
Melee: Dagger            |     7 |    96 |    24 |    78 ||   205
 Cast: Shock             |    87 |   148 |   308 |   274 ||   817
       Repel Missiles    |     1 |       |     1 |       ||     2
       Static Discharge  |       |     6 |    26 |    57 ||    89
       Swiftness         |       |       |     1 |     7 ||     8
       Mephitic Cloud    |       |       |       |    35 ||    35
       Sting             |       |       |       |    24 ||    24
       Cure Poison       |       |       |       |     5 ||     5
       Lightning Bolt    |       |       |       |    15 ||    15
       Regeneration      |       |       |       |     3 ||     3
Invok: Channel Energy    |       |       |     7 |    69 ||    76
Evoke: Wand              |       |       |     2 |       ||     2
  Use: Scroll            |     1 |     2 |    18 |     8 ||    29
       Potion            |     2 |     1 |     1 |     1 ||     5
 Stab: Sleeping          |     2 |     2 |     5 |     3 ||    12
       Confused          |       |       |       |     8 ||     8
  Eat: Chunk             |     4 |    10 |    32 |    31 ||    77
       Bread ration      |       |       |     1 |       ||     1
       Beef jerky        |       |       |       |     3 ||     3
